[Event "20th IPCA World-ch 2021"]
[Site "Torrevieja"]
[Date "2021.10.19"]
[Round "2.5"]
[White "Petrov, Maksim"]
[Black "Zakharova, Evgeniya"]
[Result "1/2-1/2"]
[ECO "B11"]
[WhiteElo "1568"]
[BlackElo "2045"]
[Annotator "NA"]
[PlyCount "61"]
[EventDate "2021.10.19"]
[EventType "swiss"]
[EventRounds "9"]
[EventCountry "ESP"]
[SourceTitle "playchess.com"]
[Source "ChessBase"]
[SourceQuality "1"]
[TimeControl "5400+30"]

1. e4 c6 2. Nc3 d5 3. Nf3 Bg4 4. h3 Bh5 5. exd5 cxd5 6. Bb5+ Nc6 7. g4 Bg6 8. Ne5 Qd6 9. d4 a6 10. Bxc6+ bxc6 11. Bf4 Qe6 12. Na4 f6 13. Nc5 Qc8 14. Ned7 Ra7 15. Nxf8 Kxf8 16. Qe2 Bf7 17. Qd2 g5 18. Bg3 h5 19. O-O-O hxg4 20. hxg4 Rxh1 21. Rxh1 Qxg4 22. Qa5 Ra8 23. Qc7 Qc8 24. Qxc8+ Rxc8 25. Rh7 Bg6 26. Ne6+ Ke8 27. Rg7 Bf7 28. Nc7+ Kf8 29. Rh7 Bg6 30. Ne6+ Ke8 31. Rg7 1/2-1/2

[Event "20th IPCA World-ch 2021"]
[Site "Torrevieja"]
[Date "2021.10.19"]
[Round "2.6"]
[White "Moya Albaladejo, Jose Antonio"]
[Black "Valenta, Vit Vaclav"]
[Result "1-0"]
[ECO "C55"]
[WhiteElo "1923"]
[BlackElo "2028"]
[Annotator "NA"]
[PlyCount "95"]
[EventDate "2021.10.19"]
[EventType "swiss"]
[EventRounds "9"]
[EventCountry "ESP"]
[SourceTitle "playchess.com"]
[Source "ChessBase"]
[SourceQuality "1"]
[TimeControl "5400+30"]

1. e4 e5 2. Nf3 Nc6 3. Bc4 Be7 4. d4 d6 5. dxe5 dxe5 6. Qxd8+ Bxd8 7. Nc3 Nf6 8. Be3 Bg4 9. O-O-O a6 10. h3 Bh5 11. g4 Bg6 12. Nh4 Bxe4 13. Rhe1 Bg6 14. f4 exf4 15. Bc5+ Be7 16. Rxe7+ Nxe7 17. Re1 O-O-O 18. Bxe7 Rd4 19. Bb3 Ne4 20. Nxg6 hxg6 21. Nxe4 Re8 22. c3 Rd7 23. Bh4 Kb8 24. Nc5 Rxe1+ 25. Bxe1 Re7 26. Nd3 g5 27. Kd2 f6 28. Bf2 b6 29. Bd5 g6 30. Bf3 Rh7 31. Bg2 Kc8 32. Bd4 f5 33. Ne5 c5 34. Bg1 Rg7 35. Nf3 Rd7+ 36. Kc2 Re7 37. Bf1 Rb7 38. Bf2 fxg4 39. hxg4 Rh7 40. Bd3 Rh3 41. Bxg6 Kc7 42. Be4 Kd6 43. Kd2 a5 44. Ke2 Rh1 45. Bg1 Ke7 46. Kf2 Rh3 47. Nxg5 Re3 48. Bh2 1-0

[Event "20th IPCA World-ch 2021"]
[Site "Torrevieja"]
[Date "2021.10.19"]
[Round "2.8"]
[White "Pilimon, Zbigniew"]
[Black "Nazarov, Nicolai"]
[Result "1/2-1/2"]
[ECO "D31"]
[WhiteElo "1638"]
[BlackElo "1770"]
[Annotator "NA"]
[PlyCount "157"]
[EventDate "2021.10.19"]
[EventType "swiss"]
[EventRounds "9"]
[EventCountry "ESP"]
[SourceTitle "playchess.com"]
[Source "ChessBase"]
[SourceQuality "1"]
[TimeControl "5400+30"]

1. d4 d5 2. c4 e6 3. Nf3 dxc4 4. e4 b5 5. Nc3 c6 6. a4 Bb4 7. Bd2 Bxc3 8. Bxc3 Nf6 9. Qc2 Qb6 10. b3 b4 11. Bd2 cxb3 12. Qb1 a5 13. Bd3 Ba6 14. O-O Bxd3 15. Qxd3 Qa6 16. Qe3 O-O 17. Rab1 Nbd7 18. Rxb3 Qc4 19. Rc1 Qa6 20. h3 Rac8 21. g4 Nb6 22. Ne5 Nxa4 23. g5 Nh5 24. Qf3 g6 25. Ng4 Kh8 26. Nf6 Ng7 27. h4 Qa7 28. h5 gxh5 29. Qh1 Qxd4 30. Be3 Qd8 31. Nxh5 Nxh5 32. Qxh5 Rg8 33. Rd1 Qe7 34. Rbd3 Nc5 35. Rd4 f6 36. Rc4 Nd7 37. f4 fxg5 38. fxg5 Ne5 39. Rc5 Qf7 40. Qxf7 Nxf7 41. Rxa5 c5 42. Rd7 Nxg5 43. Bc1 Nxe4+ 44. Kh2 Rg7 45. Bb2 Nc3 46. Rd3 Rf7 47. Bxc3+ bxc3 48. Rxc3 Rf5 49. Ra7 h6 50. Rd3 Rh5+ 51. Kg3 Rg8+ 52. Kf2 Rf5+ 53. Ke1 Rg7 54. Ra8+ Kh7 55. Rdd8 Re5+ 56. Kf2 Rf7+ 57. Kg3 Kg6 58. Kh4 Re4+ 59. Kg3 c4 60. Rac8 h5 61. Rg8+ Kf6 62. Rc5 e5 63. Kf3 Rd4 64. Rc6+ Kf5 65. Rcg6 h4 66. Rg5+ Ke6+ 67. Ke3 Rd3+ 68. Ke2 Rd4 69. Ke3 Rd3+ 70. Ke2 h3 71. Re8+ Re7 72. Rxe7+ Kxe7 73. Rxe5+ Kd6 74. Rg5 Rb3 75. Kf2 h2 76. Kg2 Rb2+ 77. Kh1 c3 78. Rd5+ Kc6 79. Rc5+ 1/2-1/2

[Event "20th IPCA World-ch 2021"]
[Site "Torrevieja"]
[Date "2021.10.19"]
[Round "2.9"]
[White "Kaydanovich, Marina"]
[Black "Kimsanboyev, Axadxon"]
[Result "1/2-1/2"]
[ECO "A17"]
[WhiteElo "1737"]
[BlackElo "1636"]
[Annotator "NA"]
[PlyCount "63"]
[EventDate "2021.10.19"]
[EventType "swiss"]
[EventRounds "9"]
[EventCountry "ESP"]
[SourceTitle "playchess.com"]
[Source "ChessBase"]
[SourceQuality "1"]
[TimeControl "5400+30"]

1. d4 d5 2. Nf3 Nf6 3. g3 Bf5 4. Bg2 e6 5. c4 c6 6. Nc3 Nbd7 7. cxd5 exd5 8. O-O Be7 9. Nh4 Be6 10. Qd3 O-O 11. Nf5 Re8 12. Nxe7+ Qxe7 13. Bd2 Nb6 14. b3 Qd7 15. e4 dxe4 16. Nxe4 Nxe4 17. Bxe4 f5 18. Bg2 Bd5 19. Rfe1 Bxg2 20. Kxg2 Qd5+ 21. f3 Kf7 22. Qc3 Rad8 23. Be3 Rd6 24. Rad1 Rde6 25. Bf2 Rxe1 26. Rxe1 Rxe1 27. Qxe1 a6 28. Qb4 Qb5 29. Qd6 Nd5 30. Qe5 Qd3 31. Qb8 Qb5 32. Qe5 1/2-1/2

[Event "20th IPCA World-ch 2021"]
[Site "Torrevieja"]
[Date "2021.10.19"]
[Round "2.10"]
[White "Wollner, Bohus"]
[Black "Aleksandrova, Aleksandra"]
[Result "0-1"]
[ECO "D31"]
[WhiteElo "1107"]
[BlackElo "1728"]
[Annotator "NA"]
[PlyCount "50"]
[EventDate "2021.10.19"]
[EventType "swiss"]
[EventRounds "9"]
[EventCountry "ESP"]
[SourceTitle "playchess.com"]
[Source "ChessBase"]
[SourceQuality "1"]
[TimeControl "5400+30"]

1. d4 d5 2. Nf3 Nd7 3. c4 e6 4. Nc3 c6 5. e3 Bd6 6. Be2 a5 7. O-O f5 8. Bd3 g6 9. Bd2 Qe7 10. Re1 Ngf6 11. c5 Bc7 12. a3 Ng4 13. g3 e5 14. Nxe5 Ngxe5 15. dxe5 Nxc5 16. f4 Nxd3 17. Rf1 Nxb2 18. Qc2 Nc4 19. Bc1 b5 20. Ne2 Bd7 21. Nd4 c5 22. Nf3 a4 23. Qd3 Bc6 24. Ng5 Nxe5 25. fxe5 Bxe5 0-1

[Event "20th IPCA World-ch 2021"]
[Site "Torrevieja"]
[Date "2021.10.20"]
[Round "3.8"]
[White "Nazarov, Nicolai"]
[Black "Kaydanovich, Marina"]
[Result "0-1"]
[ECO "B22"]
[WhiteElo "1770"]
[BlackElo "1737"]
[Annotator "NA RC"]
[PlyCount "42"]
[EventDate "2021.10.19"]
[EventType "swiss"]
[EventRounds "9"]
[EventCountry "ESP"]
[SourceTitle "playchess.com"]
[Source "ChessBase"]
[SourceQuality "1"]
[TimeControl "5400+30"]

1. e4 c5 2. c3 Nf6 3. e5 Nd5 4. d4 cxd4 5. cxd4 e6 6. a3 Be7 7. Nc3 Nxc3 8. bxc3 d6 9. f4 dxe5 10. fxe5 Bh4+ 11. g3 Qd5 12. Nf3 Bd8 13. Bd3 Ba5 14. Bd2 Bd7 15. O-O Bc6 16. c4 Qd8 17. Ng5 Qxd4+ 18. Rf2 Bxd2 19. Qxd2 Qxa1+ 20. Bf1 O-O 21. Nxf7 Nd7 0-1

[Event "20th IPCA World-ch 2021"]
[Site "Torrevieja"]
[Date "2021.10.20"]
[Round "3.10"]
[White "Kimsanboyev, Axadxon"]
[Black "Wollner, Bohus"]
[Result "1-0"]
[ECO "D00"]
[WhiteElo "1636"]
[BlackElo "1107"]
[Annotator "NA RC"]
[PlyCount "47"]
[EventDate "2021.10.19"]
[EventType "swiss"]
[EventRounds "9"]
[EventCountry "ESP"]
[SourceTitle "playchess.com"]
[Source "ChessBase"]
[SourceQuality "1"]
[TimeControl "5400+30"]

1. d4 d5 2. Bf4 Nc6 3. e3 Nf6 4. c4 e6 5. Nc3 a6 6. Nf3 h6 7. h3 Bb4 8. Qc2 O-O 9. Bd3 Bd6 10. Bxd6 Qxd6 11. a3 Qe7 12. cxd5 exd5 13. O-O Re8 14. Rac1 Qd6 15. Na4 Bd7 16. Nc5 Bc8 17. Nxa6 bxa6 18. Qxc6 Qxc6 19. Rxc6 Re7 20. Rfc1 Ra7 21. Ne5 Kf8 22. b4 Ne8 23. R6c5 Nd6 24. Nc6 1-0

[Event "20th IPCA World-ch 2021"]
[Site "Torrevieja"]
[Date "2021.10.21"]
[Round "4.6"]
[White "Kaydanovich, Marina"]
[Black "Petrov, Maksim"]
[Result "1/2-1/2"]
[ECO "D02"]
[WhiteElo "1737"]
[BlackElo "1568"]
[Annotator "NA RC"]
[PlyCount "67"]
[EventDate "2021.10.19"]
[EventType "swiss"]
[EventRounds "9"]
[EventCountry "ESP"]
[SourceTitle "playchess.com"]
[Source "ChessBase"]
[SourceQuality "1"]
[TimeControl "5400+30"]

1. d4 d5 2. Nf3 Nf6 3. g3 e6 4. Bg2 c5 5. Nc3 Nc6 6. e3 Bd6 7. O-O O-O 8. Nb5 Be7 9. Qe2 a6 10. Nc3 Bd7 11. Rd1 Rc8 12. e4 cxd4 13. Nxd4 Nxd4 14. Rxd4 e5 15. Rd1 d4 16. Nd5 Bb5 17. Nxe7+ Qxe7 18. Qd2 Qc7 19. a4 Bd7 20. c3 dxc3 21. bxc3 Rfd8 22. Qe1 Bg4 23. Rxd8+ Rxd8 24. Be3 Rd3 25. c4 Be6 26. c5 Qc6 27. f3 Nd7 28. Bf1 Rb3 29. Qc1 Rb4 30. a5 Ra4 31. Ra3 f6 32. Qc3 Rxa3 33. Qxa3 Qc7 34. Qb4 1/2-1/2

[Event "20th IPCA World-ch 2021"]
[Site "Torrevieja"]
[Date "2021.10.21"]
[Round "4.7"]
[White "Nikitskaya, Varvara"]
[Black "Kimsanboyev, Axadxon"]
[Result "1/2-1/2"]
[ECO "B33"]
[WhiteElo "1173"]
[BlackElo "1636"]
[Annotator "NA RC"]
[PlyCount "76"]
[EventDate "2021.10.19"]
[EventType "swiss"]
[EventRounds "9"]
[EventCountry "ESP"]
[SourceTitle "playchess.com"]
[Source "ChessBase"]
[SourceQuality "1"]
[TimeControl "5400+30"]

1. e4 c5 2. Nf3 Nc6 3. d4 cxd4 4. Nxd4 Nf6 5. Nc3 e5 6. Ndb5 d6 7. a4 a6 8. Na3 Be7 9. Bg5 Be6 10. Bxf6 Bxf6 11. Bc4 O-O 12. Nd5 Bg5 13. O-O Ne7 14. c3 Nxd5 15. Bxd5 Bxd5 16. Qxd5 Qc7 17. Nc2 Qb6 18. Rab1 Rac8 19. a5 Qc7 20. Nb4 Qe7 21. Qd2 Qe6 22. Nd5 Kh8 23. b4 f5 24. Qe2 fxe4 25. Qxe4 Rc6 26. Rbd1 Qh6 27. Rd3 g6 28. Rfd1 Qg7 29. c4 Qf7 30. Rf3 Qg8 31. Rxf8 Qxf8 32. Nb6 Bd8 33. b5 axb5 34. cxb5 Rc7 35. g3 Rf7 36. Nc4 Rxf2 37. Nxd6 Bxa5 38. Qxe5+ Qf6 1/2-1/2

[Event "20th IPCA World-ch 2021"]
[Site "Torrevieja"]
[Date "2021.10.21"]
[Round "4.9"]
[White "Pilimon, Zbigniew"]
[Black "Aleksandrova, Aleksandra"]
[Result "1-0"]
[ECO "A41"]
[WhiteElo "1638"]
[BlackElo "1728"]
[Annotator "NA RC"]
[PlyCount "115"]
[EventDate "2021.10.19"]
[EventType "swiss"]
[EventRounds "9"]
[EventCountry "ESP"]
[SourceTitle "playchess.com"]
[Source "ChessBase"]
[SourceQuality "1"]
[TimeControl "5400+30"]

1. d4 d6 2. c4 c6 3. Nc3 f5 4. e4 fxe4 5. Nxe4 Bf5 6. Bd3 Na6 7. Nf3 Nf6 8. Qe2 Nxe4 9. Bxe4 g6 10. O-O Qd7 11. Re1 h6 12. Bd2 Kf7 13. Bc3 Re8 14. d5 Bg7 15. Bxg7 Kxg7 16. Nd4 cxd5 17. Bxf5 gxf5 18. Ne6+ Kf6 19. Qd2 Reg8 20. Qd4+ Kf7 21. Qxd5 Ke8 22. a3 Qc6 23. b4 Rg4 24. Rac1 Rhg8 25. g3 f4 26. Nxf4 Nc7 27. Qf5 R8g5 28. Qc8+ Kf7 29. Nd5 Nxd5 30. Qe6+ Kg7 31. cxd5 Qxd5 32. Qxe7+ Kh8 33. Qf8+ Kh7 34. Rc7+ Rg7 35. Rxg7+ Rxg7 36. Qf4 Qd3 37. Qe4+ Qxe4 38. Rxe4 d5 39. Rd4 Rd7 40. f4 Kg6 41. g4 h5 42. h3 hxg4 43. hxg4 Kf6 44. Kf2 Ke6 45. a4 Rc7 46. Ke3 Rc3+ 47. Rd3 Rc4 48. Rb3 Re4+ 49. Kf3 Rc4 50. a5 b5 51. Re3+ Kd6 52. f5 Rxb4 53. Re6+ Kd7 54. g5 Rb3+ 55. Kf4 d4 56. g6 Rb1 57. g7 Rg1 58. Rg6 1-0

[Event "20th IPCA World-ch 2021"]
[Site "Torrevieja"]
[Date "2021.10.22"]
[Round "5.8"]
[White "Petrov, Maksim"]
[Black "Pilimon, Zbigniew"]
[Result "1-0"]
[ECO "D35"]
[WhiteElo "1568"]
[BlackElo "1638"]
[Annotator "NA RC"]
[PlyCount "49"]
[EventDate "2021.10.19"]
[EventType "swiss"]
[EventRounds "9"]
[EventCountry "ESP"]
[SourceTitle "playchess.com"]
[Source "ChessBase"]
[SourceQuality "1"]
[TimeControl "5400+30"]

1. d4 Nf6 2. c4 e6 3. Nc3 d5 4. cxd5 exd5 5. Bg5 Be7 6. e3 Bg4 7. Qb3 Nbd7 8. Qxb7 O-O 9. Qb3 Rb8 10. Qc2 Re8 11. Be2 Bxe2 12. Ngxe2 c5 13. O-O c4 14. f3 Nb6 15. Rad1 Nh5 16. Bxe7 Qxe7 17. e4 dxe4 18. fxe4 Nf6 19. e5 Nfd5 20. Qd2 Nb4 21. Ne4 Nc8 22. N2g3 Rb6 23. Nf5 Qb7 24. Nf6+ Kf8 25. Qg5 1-0

[Event "20th IPCA World-ch 2021"]
[Site "Torrevieja"]
[Date "2021.10.22"]
[Round "5.9"]
[White "Nazarov, Nicolai"]
[Black "Aleksandrova, Aleksandra"]
[Result "0-1"]
[ECO "B12"]
[WhiteElo "1770"]
[BlackElo "1728"]
[Annotator "NA RC"]
[PlyCount "95"]
[EventDate "2021.10.19"]
[EventType "swiss"]
[EventRounds "9"]
[EventCountry "ESP"]
[SourceTitle "playchess.com"]
[Source "ChessBase"]
[SourceQuality "1"]
[TimeControl "5400+30"]

1. e4 d6 2. d4 c6 3. c4 Nd7 4. Nc3 e5 5. d5 a5 6. Bd3 Be7 7. Nge2 Ngf6 8. O-O O-O 9. h3 Nc5 10. Bc2 Bd7 11. Kh2 Qc7 12. f4 exf4 13. Bxf4 Rfe8 14. Ng3 Bf8 15. Qd4 Na6 16. a3 c5 17. Qd3 g6 18. Bg5 Ng4+ 19. hxg4 Bxg4 20. Rf4 h5 21. Raf1 Bg7 22. Nb5 Qb8 23. Rxf7 Be5 24. Bd1 Bf5 25. Re7 Rxe7 26. Bxe7 Qe8 27. Bxd6 Bxe4 28. Qe3 h4 29. Bxe5 Qxe5 30. Qf4 hxg3+ 31. Qxg3 Qxb2 32. Nd6 Qh8+ 33. Kg1 Qd4+ 34. Qf2 Qe5 35. Qf7+ Kh8 36. Nxb7 Bf5 37. Kh1 Qd4 38. Be2 Qe3 39. Qf6+ Kh7 40. Qh4+ Kg7 41. Qf2 Rh8+ 42. Kg1 Qe5 43. g3 Rh3 44. Kg2 Rh8 45. Rh1 Rf8 46. Qe1 Be4+ 47. Bf3 Bxf3+ 48. Kf2 0-1

[Event "20th IPCA World-ch 2021"]
[Site "Torrevieja"]
[Date "2021.10.23"]
[Round "6.6"]
[White "Vasquez, Georges"]
[Black "Kaydanovich, Marina"]
[Result "0-1"]
[ECO "D02"]
[WhiteElo "1864"]
[BlackElo "1737"]
[Annotator "NA RC"]
[PlyCount "84"]
[EventDate "2021.10.19"]
[EventType "swiss"]
[EventRounds "9"]
[EventCountry "ESP"]
[SourceTitle "playchess.com"]
[Source "ChessBase"]
[SourceQuality "1"]
[TimeControl "5400+30"]

1. d4 d5 2. Bf4 Nf6 3. e3 e6 4. Nf3 Bd6 5. Bg3 Bxg3 6. hxg3 Nbd7 7. Bd3 Qe7 8. c3 h6 9. Nbd2 c5 10. Qe2 b6 11. Ne5 Bb7 12. Bb5 a6 13. Nxd7 Nxd7 14. Bxd7+ Kxd7 15. O-O-O cxd4 16. exd4 Bc6 17. Nf3 Kc8 18. Ne5 Bb5 19. Qe3 Kb7 20. Kb1 Rac8 21. Qf4 Rc7 22. Rhe1 a5 23. Rd2 a4 24. a3 Qg5 25. Re3 Qxf4 26. gxf4 Bf1 27. g3 h5 28. Re1 Bh3 29. Rh1 Bf5+ 30. Ka2 Rh6 31. Rh4 f6 32. Nf3 Be4 33. Ne1 g5 34. fxg5 fxg5 35. Rh2 Rf7 36. Ng2 Kc6 37. Ne3 Bf3 38. b3 b5 39. bxa4 bxa4 40. c4 dxc4 41. Nxc4 Bd5 42. Rc2 Kb5 0-1

[Event "20th IPCA World-ch 2021"]
[Site "Torrevieja"]
[Date "2021.10.24"]
[Round "7.8"]
[White "Vasquez, Georges"]
[Black "Petrov, Maksim"]
[Result "0-1"]
[ECO "C00"]
[WhiteElo "1864"]
[BlackElo "1568"]
[Annotator "NA RC"]
[PlyCount "144"]
[EventDate "2021.10.19"]
[EventType "swiss"]
[EventRounds "9"]
[EventCountry "ESP"]
[SourceTitle "playchess.com"]
[Source "ChessBase"]
[SourceQuality "1"]
[TimeControl "5400+30"]

1. Nf3 d5 2. g3 Nf6 3. Bg2 e6 4. O-O c5 5. d3 Nc6 6. Nbd2 b6 7. e4 Bb7 8. e5 Nd7 9. Re1 Qc7 10. Qe2 h6 11. Nf1 g5 12. h3 Bg7 13. N1h2 Ndxe5 14. Nxe5 Qxe5 15. Qxe5 Nxe5 16. f4 gxf4 17. gxf4 Nd7 18. Ng4 O-O-O 19. c3 d4 20. Bxb7+ Kxb7 21. c4 h5 22. Nh2 Rde8 23. Nf3 Rhg8 24. Kf2 f5 25. Bd2 e5 26. fxe5 Bxe5 27. Rg1 Bf6 28. Rxg8 Rxg8 29. Re1 Rg7 30. Bf4 Re7 31. Rg1 Be5 32. Re1 Bf6 33. Rg1 Nf8 34. Bd6 Rf7 35. Rg8 Ne6 36. Rg6 Ng7 37. Bf4 Ne6 38. Be5 Bxe5 39. Rxe6 Bf6 40. Kg3 Kc7 41. Kf4 Kd7 42. Re2 Kd6 43. Ng5 Bxg5+ 44. Kxg5 f4 45. Kxh5 Rg7 46. Re4 Rg3 47. h4 f3 48. Rf4 Ke5 49. Rf8 Rg2 50. Rxf3 Rxb2 51. Kg4 Rxa2 52. Kg3 Re2 53. Kg4 a5 54. Rf8 Re3 55. Rb8 Rxd3 56. Rxb6 a4 57. h5 Rd2 58. Rc6 a3 59. Rxc5+ Ke4 60. h6 a2 61. Ra5 Rh2 62. c5 Rxh6 63. Rxa2 d3 64. Kg3 Ke3 65. Ra3 Ke2 66. Ra8 Re6 67. c6 d2 68. c7 d1=Q 69. c8=Q Qg1+ 70. Kf4 Qe3+ 71. Kf5 Qe5+ 72. Kg4 Rg6+ 0-1

[Event "20th IPCA World-ch 2021"]
[Site "Torrevieja"]
[Date "2021.10.24"]
[Round "7.9"]
[White "Wollner, Bohus"]
[Black "Nazarov, Nicolai"]
[Result "0-1"]
[ECO "D32"]
[WhiteElo "1107"]
[BlackElo "1770"]
[Annotator "NA RC"]
[PlyCount "58"]
[EventDate "2021.10.19"]
[EventType "swiss"]
[EventRounds "9"]
[EventCountry "ESP"]
[SourceTitle "playchess.com"]
[Source "ChessBase"]
[SourceQuality "1"]
[TimeControl "5400+30"]

1. d4 d5 2. Nf3 c5 3. c4 e6 4. Nc3 dxc4 5. e3 cxd4 6. exd4 Bb4 7. Bxc4 h6 8. O-O Nf6 9. Re1 O-O 10. a3 Ba5 11. b4 Bb6 12. Bb2 a6 13. Ne4 Nxe4 14. Rxe4 Bd7 15. Qc2 Bc6 16. Ree1 Bxf3 17. gxf3 Bxd4 18. Bxd4 Qxd4 19. Rad1 Qf4 20. Qe4 Qxe4 21. fxe4 Nc6 22. f3 Ne5 23. Be2 Rfd8 24. Rxd8+ Rxd8 25. Kf2 Rd2 26. Kg1 Ra2 27. f4 Ng6 28. f5 exf5 29. exf5 Nh4 0-1

[Event "20th IPCA World-ch 2021"]
[Site "Torrevieja"]
[Date "2021.10.26"]
[Round "9.6"]
[White "Nikitskaya, Varvara"]
[Black "Aleksandrova, Aleksandra"]
[Result "1/2-1/2"]
[ECO "B07"]
[WhiteElo "1173"]
[BlackElo "1728"]
[Annotator "NA RC"]
[PlyCount "111"]
[EventDate "2021.10.19"]
[EventType "swiss"]
[EventRounds "9"]
[EventCountry "ESP"]
[SourceTitle "playchess.com"]
[Source "ChessBase"]
[SourceQuality "1"]
[TimeControl "5400+30"]

1. d4 d6 2. e4 c6 3. Nc3 Qa5 4. f4 Nf6 5. e5 dxe5 6. fxe5 Ne4 7. Bd2 Nxd2 8. Qxd2 Bg4 9. Qg5 h5 10. h3 Be6 11. Nf3 Qb4 12. O-O-O g6 13. Kb1 Nd7 14. Bd3 Nb6 15. Rhe1 O-O-O 16. a3 Qa5 17. Ne4 Nd5 18. Nc5 Bh6 19. Qh4 Ne3 20. Qxe7 Qc7 21. Qxc7+ Kxc7 22. Nxe6+ fxe6 23. Rd2 Nd5 24. Rf2 g5 25. c3 Rdf8 26. c4 Nf4 27. Bf1 Ng6 28. Rc2 Rd8 29. Re4 Rhf8 30. Be2 Nf4 31. Bd1 c5 32. b4 g4 33. hxg4 hxg4 34. Ne1 cxd4 35. Bxg4 d3 36. Rd2 Rg8 37. Bf3 Ne2 38. Rxd3 Rxd3 39. Nxd3 Nc3+ 40. Kc2 Nxe4 41. Bxe4 Rg4 42. Nc5 b6 43. Nxe6+ Kd7 44. Bd5 Rg3 45. a4 Re3 46. a5 b5 47. cxb5 Rxe5 48. Nc5+ Kd6 49. Bf3 Be3 50. Ne4+ Kc7 51. Kd3 Bg1 52. Kc4 Bh2 53. b6+ axb6 54. a6 b5+ 55. Kd4 Re6 56. Kc5 1/2-1/2

[Event "20th IPCA World-ch 2021"]
[Site "Torrevieja"]
[Date "2021.10.26"]
[Round "9.9"]
[White "Wollner, Bohus"]
[Black "Vasquez, Georges"]
[Result "0-1"]
[ECO "E61"]
[WhiteElo "1107"]
[BlackElo "1864"]
[Annotator "NA RC"]
[PlyCount "68"]
[EventDate "2021.10.19"]
[EventType "swiss"]
[EventRounds "9"]
[EventCountry "ESP"]
[SourceTitle "playchess.com"]
[Source "ChessBase"]
[SourceQuality "1"]
[TimeControl "5400+30"]

1. d4 Nf6 2. c4 g6 3. Nc3 Bg7 4. Nf3 d6 5. Bg5 h6 6. Bc1 O-O 7. e4 Nbd7 8. Be2 e5 9. O-O a5 10. b3 Re8 11. Bb2 exd4 12. Nxd4 Nxe4 13. Nxe4 Rxe4 14. Bf3 Re8 15. Bg4 Ne5 16. Bxc8 Rxc8 17. Rb1 Qd7 18. a4 b6 19. Ba1 Nc6 20. Nxc6 Qxc6 21. Bxg7 Kxg7 22. Qd4+ f6 23. Rbc1 Qc5 24. Qxc5 bxc5 25. Rfd1 Re2 26. Kf1 Rce8 27. h3 Kf7 28. g3 Rb2 29. Rb1 Rxb1 30. Rxb1 f5 31. Re1 Rxe1+ 32. Kxe1 c6 33. Ke2 d5 34. Kd3 Kf6 0-1